Map: Lost and Found LE

Players

Denver - Winner!

  • Race: Zerg Zerg
  • Spawn Location: 1:00

TooDming

  • Race: Zerg Zerg
  • Spawn Location: 7:00

Event: WCS Montreal 2018

VOD

Have the link to the VOD?

Description

Time

  • Played on: Sept. 7, 2018, 7:33 p.m.
  • Length: 8:45

All games in this series

Show
View Real Time Build Order
Export as new Build Order

Denver Zerg - Winner!

Build Orders: Pool First 

Get SALT Encoding   

  12  0:00  Drone  
  13  0:11  Drone  
  14  0:24  Spawning Pool  
  13  0:29  Drone  
  13  0:34  Extractor  
  13  0:35  Drone  
  15  0:41  Overlord  
  15  1:03  Hatchery  
  15  1:11  Zergling x4  
  15  1:13  Zergling x2  
  17  1:23  Queen  
  19  1:27  Drone  
  19  1:29  Extractor  
  19  1:35  Drone  
  20  1:44  Overlord  
  20  1:59  Queen  
  22  2:04  Drone  
  22  2:06  Drone  
  24  2:16  Drone  
  24  2:22  Drone  
  24  2:27  Drone  
  24  2:28  Drone  
  26  2:31  Drone  
  26  2:32  Metabolic Boost  
  27  2:37  Zergling x4  
  27  2:39  Zergling x2  
  30  2:44  Zergling x2  
  30  2:48  Overlord  
  31  2:54  Baneling Nest  
  31  2:57  Zergling x2  
  31  3:01  Zergling x4  
  33  3:08  Zergling x2  
  33  3:09  Zergling x2  
  35  3:18  Zergling x8  
  39  3:21  Drone  
  39  3:24  Drone  
  39  3:25  Drone  
  42  3:35  Overlord  
  42  3:37  Drone  
  42  3:39  Drone  
  43  3:46  Overlord  
  43  3:55  Drone  
  43  3:56  Drone x5  
  47  4:09  Drone x4  
  51  4:21  Hatchery  
  50  4:25  Baneling x2  
  50  4:26  Baneling  
  50  4:27  Roach Warren  
  50  4:28  Baneling  
  50  4:29  Drone  
  50  4:32  Drone  
  50  4:33  Extractor  
  50  4:36  Evolution Chamber  
  49  4:41  Zergling x8  
  49  4:45  Drone x2  
  55  4:46  Drone  
  55  4:47  Baneling  
  55  4:48  Baneling  
  55  4:51  Overlord  
  56  4:56  Queen  
  58  5:01  Drone x2  
  60  5:10  Drone  
  60  5:11  Drone x3  
  60  5:14  Zerg Missile Weapons Level 1  
  60  5:15  Baneling  
  60  5:16  Baneling x4  
  60  5:20  Drone x4  
  63  5:23  Drone  
  64  5:29  Drone  
  64  5:41  Queen  
  59  5:44  Lair  
  59  5:46  Drone x2  
  59  5:47  Extractor, Zergling x10  
  65  5:52  Extractor  
  65  5:54  Overlord  
  65  5:56  Spine Crawler  
  63  5:59  Overlord  
  63  6:03  Overlord  
  63  6:06  Roach x4  
  71  6:12  Overlord  
  71  6:15  Roach x3  
  71  6:17  Roach  
  79  6:21  Roach x2  
  79  6:23  Roach  
  85  6:27  Roach x2  
  85  6:29  Drone x2  
  85  6:31  Drone  
  92  6:34  Overlord  
  92  6:36  Roach  
  92  6:38  Roach  
  94  6:42  Roach x2  
  94  6:46  Roach  
  99  6:47  Roach  
  99  6:50  Glial Reconstitution  
  99  6:55  Roach  
  99  6:56  Overlord  
  99  6:59  Roach  
  103  7:01  Overlord  
  103  7:03  Roach x2  
  107  7:09  Roach x2  
  107  7:13  Roach  
  107  7:14  Overlord  
  113  7:19  Roach  
  113  7:20  Roach x3  
  113  7:22  Overlord  
  121  7:28  Roach x3  
  126  7:31  Drone  
  126  7:32  Drone  
  126  7:34  Roach  
  126  7:35  Roach  
  132  7:38  Overlord  
  132  7:41  Roach x2  
  136  7:46  Roach x2  
  136  7:48  Ravager  
  136  7:49  Overlord  
  141  7:52  Drone x2  
  141  7:58  Extractor, Drone x3  
  146  7:59  Drone  
  146  8:02  Roach x3  
  153  8:05  Ravager  
  157  8:12  Roach  
  157  8:13  Roach x2  
  157  8:19  Roach x4  
  151  8:22  Roach  
Show
View Real Time Build Order
Export as new Build Order

TooDming Zerg 

Build Orders: Hatch First 

Get SALT Encoding   

  12  0:00  Drone  
  13  0:12  Overlord  
  13  0:16  Drone  
  14  0:30  Drone x2  
  16  0:47  Hatchery  
  15  0:50  Drone  
  15  0:54  Drone  
  15  0:56  Drone  
  18  1:07  Extractor  
  17  1:12  Spawning Pool  
  17  1:15  Drone  
  17  1:18  Drone  
  18  1:28  Drone  
  19  1:38  Overlord  
  19  2:00  Queen x2  
  19  2:01  Zergling x6  
  26  2:14  Metabolic Boost  
  24  2:23  Drone x2  
  24  2:26  Drone  
  27  2:39  Overlord  
  27  2:41  Drone  
  28  2:55  Overlord  
  28  2:59  Drone x4  
  28  3:05  Drone  
  33  3:09  Drone x3  
  36  3:18  Drone  
  36  3:19  Drone  
  37  3:20  Drone  
  37  3:23  Overlord  
  37  3:25  Drone  
  39  3:31  Spine Crawler  
  38  3:36  Evolution Chamber x2  
  38  3:39  Evolution Chamber  
  35  3:43  Spine Crawler x2  
  35  3:48  Zergling x2  
  34  3:51  Baneling Nest  
  34  3:52  Zergling x4  
  34  3:54  Zergling x2  
  36  4:02  Evolution Chamber  
  35  4:07  Overlord  
  38  4:11  Drone, Overlord  
  38  4:12  Drone x3  
  42  4:21  Queen  
  42  4:24  Overlord  
  44  4:35  Drone  
  44  4:36  Drone x2  
  47  4:40  Baneling x2  
  47  4:44  Zergling x8  
  51  4:51  Overlord  
  51  4:56  Hatchery  
  50  5:00  Baneling x4  
  50  5:03  Drone x4  
  54  5:07  Extractor, Roach Warren  
  54  5:11  Extractor  
  48  5:15  Spore Crawler  
  48  5:17  Drone x2  
  48  5:18  Drone x3  
  53  5:25  Drone x3  
  53  5:26  Drone  
  54  5:42  Hatchery  
  50  5:44  Overlord  
  50  5:48  Overlord, Roach x5  
  62  5:50  Roach  
  62  5:54  Roach x2  
  66  6:01  Roach x2  
  70  6:07  Roach  
  70  6:11  Roach  
  74  6:17  Roach x2  
  78  6:18  Overlord  
  78  6:21  Zergling x4  
  80  6:29  Roach  
  80  6:31  Roach  
  84  6:34  Zergling x2  
  84  6:35  Zergling x4  
  84  6:37  Extractor  
  84  6:39  Lair  
  85  6:46  Drone  
  85  6:47  Drone x4  
  87  6:49  Zerg Missile Weapons Level 1  
  89  6:56  Drone x3  
  89  7:01  Drone x2  
  93  7:08  Drone  
  93  7:09  Drone x2  
  93  7:14  Drone x3  
  99  7:17  Extractor, Drone x3  
  99  7:18  Drone  
  98  7:30  Drone x3  
  98  7:31  Overlord  
  98  7:33  Hatchery  
  100  7:37  Roach x2  
  100  7:42  Overseer  
  104  7:44  Overlord  
  104  7:45  Overlord  
  104  7:48  Roach  
  104  7:49  Roach x4  
  114  7:52  Roach x2  
  114  7:53  Roach  
  122  7:58  Roach  
  122  8:00  Overlord x2  
  122  8:07  Roach x2  
  122  8:08  Ravager  
  122  8:09  Ravager  
  122  8:12  Roach x3  
  126  8:14  Roach x3  
  126  8:18  Roach x3  
  112  8:21  Roach  
  112  8:23  Roach  
  112  8:25  Roach  
Tags
 
Add a new tag
Caveats
  • Supply blocks, unpowered buildings, or Contaminate may cause inaccurate times.
  • Supply counts are checked every 10 seconds.